 Dungeon Crawl Stone Soup version 0.23-a0-242-g2b5ca64 (webtiles) character file.

50 Amnesiac the Insei (level 3, -5/28 HPs)
             Began as a Demigod Transmuter on Sept 28, 2018.
             Killed from afar by Sigmund (7 damage)
             ... with a puff of flame
             ... on level 1 of the Dungeon.
             The game lasted 00:04:21 (1369 turns).

Amnesiac the Insei (Demigod Transmuter)             Turns: 1369, Time: 00:04:22

Health: -5/28      AC:  2    Str: 15    XL:     3   Next: 35%
Magic:  0/8        EV: 20    Int: 17    God:
Gold:   50         SH:  0    Dex: 21    Spells: 0/6 levels left

rFire    . . .     SeeInvis .     - Unarmed
rCold    . . .     Gourm    .   (shield currently unavailable)
rNeg     . . .     Faith    .   (armour currently unavailable)
rPois    x         Spirit   .   (helmet currently unavailable)
rElec    .         Reflect  .   (cloak currently unavailable)
rCorr    .         Harm     .   (gloves currently unavailable)
MR       .....                  (boots currently unavailable)
Stlth    ++........             (no amulet)
HPRegen  0.09/turn              (no ring)
MPRegen  0.11/turn              (no ring)

@: spider-form, very slightly contaminated
A: tiny, high mp 1
a: End Transformation


You were on level 1 of the Dungeon.
You were not hungry.
You were a venomous arachnid creature.
You visited 1 branch of the dungeon, and saw 2 of its levels.

You collected 50 gold pieces.

Inventory:

Hand Weapons
 j - a +2 dagger of freezing (melded)
Missiles
 a - 12 arrows
Armour
 b - a +0 robe (melded)
 c - a +0 cloak
 n - a +0 ring mail
Scrolls
 e - a scroll of magic mapping {!r}
Comestibles
 d - 2 rations
 f - 3 chunks of flesh


   Skills:
 - Level 1.0 Fighting
 - Level 2.0 Dodging
 - Level 3.0 Unarmed Combat
 + Level 2.2 Spellcasting
 * Level 2.8 Transmutations


You couldn't memorise any spells.
You knew the following spells:

 Your Spells              Type           Power        Failure   Level  Hunger
a - Spider Form           Tmut/Pois      #.........   54%         3    ###....
b - Sticks to Snakes      Tmut           ##......     22%         2    ###....
z - Confusing Touch       Hex            #.....       38%         1    #......

Your spell library contained the following spells:

 Spells                   Type           Power        Failure   Level  Hunger
 Beastly Appendage        Tmut           ##....       17%         1    #......
 Confuse                  Hex            #.......     71%         3    ###....
 Gell's Gravitas          Tloc           #.........   71%         3    ###....
 Ice Form                 Ice/Tmut       #.......     87%         4    #####..
 Petrify                  Tmut/Erth      #.......     87%         4    #####..
 Blade Hands              Tmut           ##........   95%         5    ######.
 Yara's Violent Unravell  Hex/Tmut       #.........   99%         5    ######.
 Metabolic Englaciation   Hex/Ice        #.........   100%        5    ######.


Dungeon Overview and Level Annotations

Branches:
Dungeon (2/15)

Annotations:
D:1 Sigmund


Innate Abilities, Weirdness & Mutations

You have an increased reservoir of magic. (+10% MP)


Message History

You hear a shout! x2
Casting: Spider Form (safe; 32% risk of failure)
Confirm with . or Enter, or press ? or * to list all spells.
You don't know that spell.
Casting: Spider Form (safe; 32% risk of failure)
Confirm with . or Enter, or press ? or * to list all spells.
You don't know that spell.
Casting: Spider Form (safe; 32% risk of failure)
Confirm with . or Enter, or press ? or * to list all spells.
You don't know that spell.
Unknown command.
Unknown command.
Casting: Spider Form (safe; 32% risk of failure)
Confirm with . or Enter, or press ? or * to list all spells.
You miscast Spider Form.
You are very lightly contaminated with residual magic.
Your skin glows momentarily.
Casting: Spider Form (safe; 32% risk of failure)
Confirm with . or Enter, or press ? or * to list all spells.
You turn into a venomous arachnid creature.
Your +2 dagger of freezing stops glowing.
Sigmund misses you.
A goblin comes into view.
The goblin shouts!
A goblin comes into view.
Your transformation is almost over.
Sigmund gestures at you while chanting. The puff of flame hits you!
There is a stone staircase leading up here.
The goblin closely misses you.
You bite the goblin!
You kill the goblin!
Sigmund completely misses you.
There is a stone staircase leading up here.
Sigmund barely misses you.
You climb upwards.
There is a stone staircase leading down here.
You barely miss Sigmund. You hit Sigmund.
Sigmund is lightly wounded.
Sigmund points at you and mumbles some strange words.
The puff of flame hits you!
You can't go up here!
You closely miss Sigmund.
Sigmund is lightly wounded.
Sigmund barely misses you.
You hit Sigmund but do no damage.
Sigmund is poisoned.
Sigmund is lightly wounded.
Sigmund hits you with a scythe!
* * * LOW HITPOINT WARNING * * *
You are too injured to fight recklessly!
You are too injured to fight recklessly!
You are too injured to fight recklessly!
You hit Sigmund but do no damage.
Sigmund is lightly wounded.
Your transformation has ended.
Your +2 dagger of freezing glows with a cold blue light!
Casting: Spider Form (safe; 32% risk of failure)
Confirm with . or Enter, or press ? or * to list all spells.
You turn into a venomous arachnid creature.
Your +2 dagger of freezing stops glowing.
Sigmund casts a spell at you. The puff of flame hits you!
You die...

##'## #.# #.# #.#
#######.#########>#
..)............##.#
##.###.....###.##.#
#.##......# #.##.#
#.###.....# #.##.#
#.# #..#..###.##@#
#.# #.##.......s.#
#.# #......##.####
#.######..###.#
#.............#
###############


You could see Sigmund.

Vanquished Creatures
  An adder (D:2)
  An ooze (D:1)
  2 dart slugs (D:1)
  3 bats
  2 giant cockroaches
  6 goblins
  2 hobgoblins (D:1)
  6 jackals
  6 kobolds
  2 rats (D:1)
31 creatures vanquished.

Notes
Turn   | Place    | Note
-------+----------+-------------------------------------------
     0 | D:1      | Amnesiac the Demigod Transmuter began the quest for the
                  | Orb.
     0 | D:1      | Reached XP level 1. HP: 15/15 MP: 5/5
    76 | D:1      | Reached skill level 1 in Fighting
   235 | D:1      | Reached XP level 2. HP: 18/23 MP: 5/7
   239 | D:1      | Learned a level 2 spell: Sticks to Snakes
  1034 | D:2      | Reached skill level 3 in Unarmed Combat
  1034 | D:2      | Reached XP level 3. HP: 20/28 MP: 8/8
  1192 | D:2      | Learned a level 1 spell: Confusing Touch
  1196 | D:2      | Learned a level 3 spell: Spider Form
  1306 | D:2      | Noticed Sigmund
  1369 | D:1      | Killed from afar by Sigmund

Vault maps used:
D:1:      lightli_arrival_flooded_house
D:2:      minmay_wonky_spiral, kennysheep_pointless_box, uniq_sigmund

Skill      XL: |  1  2 |
---------------+-------+-----
Fighting       | 1 |  1.0
Transmutations | 2 |  2.8
Dodging        | 2 |  2.0
Spellcasting   | 2 |  2.2
Unarmed Combat | 3 |  3.0

Action                   || total
-------------------------++-------
Melee: Unarmed           ||    64
       Headbutt          ||     2
       Dagger            ||    17
       Kick              ||     3
 Cast: Beastly Appendage ||    14
       Spider Form       ||     4
  Use: Scroll            ||     6
       Potion            ||     3
 Stab: Sleeping          ||     3
  Eat: Chunk             ||     2
Armor: Robe              ||     6
Dodge: Dodged            ||    61

Table legend:
 A = Non-vault XP
 B = Vault XP
 C = Vault XP percentage of total XP
 D = Non-vault monster count
 E = Vault monster count
 F = Vault count percentage of total count
                 A         B        C        D         E       F
            +---------+---------+-------+---------+---------+-------
      Total |      72 |       0 |   0.0 |      31 |       0 |   0.0
            +---------+---------+-------+---------+---------+-------
        D:1 |      42 |       0 |   0.0 |      19 |       0 |   0.0
        D:2 |      30 |       0 |   0.0 |      12 |       0 |   0.0
            +---------+---------+-------+---------+---------+-------
